 Dungeon Crawl Stone Soup version 0.21.1-1-g345015fe64 (webtiles) character file.

128 Gargoyl the Skirmisher (level 4, -2/38 HPs)
             Began as a Centaur Abyssal Knight on Feb 13, 2018.
             Was a Believer of Lugonu.
             Shot with an arrow by a centaur (7 damage)
             ... on level 3 of the Dungeon.
             The game lasted 00:06:02 (2492 turns).

Gargoyl the Skirmisher (Centaur Abyssal Knight)     Turns: 2492, Time: 00:06:03

Health: -2/38      AC:  7    Str: 15    XL:     4   Next: 86%
Magic:  6/6        EV:  7    Int: 11    God:    Lugonu [**....]
Gold:   181        SH:  0    Dex:  9    Spells: 3/3 levels left

rFire    . . .     SeeInvis .   d - +0 broad axe
rCold    . . .     Gourm    .   (no shield)
rNeg     . . .     Faith    .   s - +1 scale mail
rPois    .         Spirit   .   (no helmet)
rElec    .         Reflect  .   (no cloak)
rCorr    .         Harm     .   (no gloves)
MR       +....                  (no barding)
Stlth    ..........             (no amulet)
HPRegen  0.12/turn              q - ring of protection from magic
MPRegen  0.10/turn              (no ring)

@: very quick
A: large, hooves 3, deformed body, speed 2, tough skin 3
a: Depart the Abyss, Bend Space, Renounce Religion


You were on level 3 of the Dungeon.
You worshipped Lugonu.
Lugonu was pleased with you.
You were not hungry.

You visited 1 branch of the dungeon, and saw 3 of its levels.
You visited the Abyss 1 time.

You collected 181 gold pieces.

Inventory:

Hand Weapons
 a - a +1 hand axe
 d - a +0 broad axe (weapon)
Armour
 s - a +1 scale mail (worn)
Jewellery
 q - a ring of protection from magic (left hand)
Scrolls
 e - a scroll of identify
 g - 3 scrolls of remove curse
 i - 3 scrolls of teleportation
Potions
 f - a potion of degeneration {unknown}
 h - 2 potions of brilliance
 k - a potion of mutation {unknown}
 l - a potion of haste {unknown}
 m - a potion of invisibility {unknown}
 r - a potion of flight
Comestibles
 b - 2 chunks of flesh
 c - 10 rations


   Skills:
 + Level 3.4 Fighting
 + Level 2.9 Axes
 * Level 2.3 Armour
 + Level 1.2 Dodging
 * Level 2.8 Invocations


You had 3 spell levels left.
You didn't know any spells.

Dungeon Overview and Level Annotations

Branches:
Dungeon (3/15)

Altars:
Kikubaaqudgha


Innate Abilities, Weirdness & Mutations

You have hooves in place of feet.
Armour fits poorly on your strangely shaped body.
You cover ground very quickly.
You have extremely tough skin. (AC +3)


Message History

The orc barely misses you. The centaur hits you.
Unknown command.
You closely miss the orc. You barely miss the orc.
You completely miss the centaur. The centaur barely misses you.
The orc barely misses you. The orc hits you but does no damage.
The orc closely misses you. The centaur hits you.
You slash the orc!
You kill the orc!
Lugonu accepts your kill.
You closely miss the orc. You barely miss the centaur. The centaur hits you.
The orc hits you but does no damage. The orc barely misses you.
The centaur hits you!
The orc hits you from afar with a trident!
The goblin hits you but does no damage.
Unknown command.
The centaur wields a shortbow.
The centaur shoots an arrow.
The arrow hits you!
* * * LOW HITPOINT WARNING * * *
You see here an arrow.
The centaur shoots an arrow.
The arrow hits you!
You die...

...........# %.
...........#..#
.....gol.#....#
#o##oK...#.#
#..g....>..#
####.#######
####c####
#.......#
####.#####@##
#.... #..#
#.... #..#
#.... #..#
#....#####..# #
#....)...#
#.########..#
......## #..#
#...###..###.#


You could see a centaur.

Vanquished Creatures
  Jessica (D:2)
  3 adders (D:2)
  A worm (D:2)
  4 dart slugs
  2 leopard geckos
  An orc (D:3)
  3 ball pythons
  5 giant cockroaches
  9 goblins
  6 hobgoblins
  3 jackals (D:1)
  2 kobolds (D:2)
  7 bats
  3 frilled lizards
  7 rats
57 creatures vanquished.

Notes
Turn   | Place    | Note
-------+----------+-------------------------------------------
     0 | Abyss:1  | Gargoyl the Centaur Abyssal Knight began the quest for the Orb.
     0 | Abyss:1  | Reached XP level 1. HP: 19/19 MP: 2/2
    64 | Abyss:2  | Noticed a small abomination
    68 | Abyss:2  | Noticed a rakshasa
    82 | D:1      | Escaped the Abyss
   415 | D:1      | Reached XP level 2. HP: 22/26 MP: 3/3
   422 | D:1      | Reached * piety under Lugonu
   629 | D:1      | Reached XP level 3. HP: 21/31 MP: 4/4
  1081 | D:1      | Reached skill level 1 in Dodging
  1594 | D:2      | Reached XP level 4. HP: 18/38 MP: 5/5
  1845 | D:2      | Noticed Jessica
  1852 | D:2      | Killed Jessica
  2078 | D:2      | Reached ** piety under Lugonu
  2333 | D:2      | Found an ancient bone altar of Kikubaaqudgha.
  2481 | D:3      | Noticed a centaur
  2492 | D:3      | Shot with an arrow by a centaur

Skill      XL: |  1  2  3 |
---------------+----------+-----
Axes           | 2 |  2.9
Dodging        | 1 |  1.2
Armour         | 2 |  2.3
Fighting       | |  3.4
Invocations    | |  2.8

Action                   |  1- 3 |  4- 6 || total
-------------------------+-------+-------++-------
Melee: Broad axe         |    97 |    63 ||   160
       Kick              |    15 |    16 ||    31
Invok: Depart the Abyss  |     1 |       ||     1
  Use: Potion            |     1 |       ||     1
       Scroll            |       |    10 ||    10
  Eat: Chunk             |     2 |     2 ||     4
Armor: Leather armour    |    57 |    28 ||    85
       Skin              |     1 |       ||     1
       Scale mail        |       |    25 ||    25
Dodge: Dodged            |    83 |    58 ||   141
